 Dungeon Crawl Stone Soup version 0.30-a0-989-g0d87f670db (webtiles) character file.

Game seed: 4757005247365480834

6345 jtron the Fighter (level 10, -1/104 (106) HPs)
             Began as an Ogre Monk on Apr 2, 2023.
             Was a Priest of Vehumet.
             Killed from afar by an acid dragon (7 damage)
             ... with a splash of acid
             ... on level 10 of the Dungeon on Apr 3, 2023.
             The game lasted 00:33:12 (11087 turns).

jtron the Fighter (Ogre Monk)                      Turns: 11087, Time: 00:33:13

HP:   -1/104 (106)  AC: 10    Str: 16 (17) XL:     10   Next: 96%
MP:   20/20         EV:  9    Int: 14 (15) God:    Vehumet [***...]
Gold: 626           SH:  5    Dex: 12 (13) Spells: 15/23 levels left

rFire   . . .      SeeInvis .    a - +5 quarterstaff of the Tired Beds {speed, Contam Fly rPois Int+2}
rCold   . . .      Faith    .    (shield currently unavailable)
rNeg    . . .      Spirit   .    u - +0 swamp dragon scales
rPois   +          Reflect  +    (helmet restricted)
rElec   .          Rampage  .    y - +1 cloak
rCorr   .                        (gloves unavailable)
Will    +....                    (boots unavailable)
Stlth   +                        e - amulet of reflection
HPRegen 0.37/turn                s - ring of wizardry
MPRegen 0.17/turn                k - +4 ring of protection

@: corroded, flying, lightly drained, invisible
A: large, unfitting armour, tough skin 1, deterioration 1
a: Renounce Religion


You were on level 10 of the Dungeon.
You worshipped Vehumet.
Vehumet was most pleased with you.
You visited 2 branches of the dungeon, and saw 11 of its levels.

You collected 626 gold pieces.

Inventory:

Hand Weapons
 a - the +5 quarterstaff of the Tired Beds (weapon) {speed, Contam Fly rPois Int+2}
   (You found it on level 8 of the Dungeon)

   Int:       It affects your intelligence (+2).
   rPois:     It protects you from poison.
   Fly:       It grants you flight.
   Contam:    It causes magical contamination when unequipped.
 b - a +1 sling
 i - a +0 spear
 o - a +2 halberd of freezing
 A - a +4 hand axe of electrocution
Missiles
 m - 80 stones
 t - 2 throwing nets
 v - 29 poisoned darts (quivered)
 w - 2 javelins
 x - 3 curare-tipped darts
Armour
 u - +0 swamp dragon scales (worn)
 y - a +1 cloak (worn)
Jewellery
 e - an amulet of reflection (around neck)
 k - a +4 ring of protection (right hand)
 s - a ring of wizardry (left hand)
Wands
 h - a wand of quicksilver (5)
 z - a wand of flame (13)
 C - a wand of roots (11)
Scrolls
 f - a scroll of teleportation
 g - 2 scrolls of magic mapping
 l - a scroll of butterflies
 n - 2 scrolls of identify
 q - a scroll of fog
 D - 4 scrolls of fear
Potions
 c - a potion of ambrosia
 d - a potion of flight
 j - a potion of degeneration
 p - a potion of brilliance
 B - a potion of magic {unknown}
 E - a potion of berserk rage {unknown}


   Skills:
 + Level 8.9 Fighting
 - Level 5.9(6.3) Axes
 + Level 3.2(6.7) Polearms
 * Level 6.8(7.2) Staves
 - Level 3.6 Ranged Weapons
 + Level 0.8 Throwing
 - Level 1.0 Armour
 - Level 4.0 Dodging
 - Level 3.0 Stealth
 - Level 1.3 Shields
 * Level 7.0 Spellcasting
 + Level 3.5 Conjurations
 + Level 1.4 Ice Magic
 + Level 3.7 Air Magic
 + Level 1.0 Evocations


You had 15 spell levels left.
You knew the following spells:

 Your Spells              Type           Power      Damage    Failure   Level
a - Shock                 Conj/Air       60%        1d6       1%          1
b - Freeze                Ice            36%        1d5       1%          1
c - Swiftness             Air            15%        N/A       7%          3
d - Hailstorm             Conj/Ice       11%        3d5       3%          3

Your spell library contained the following spells:

 Spells                   Type           Power      Damage    Failure   Level
 Momentum Strike          Conj/Tloc      18%        3d8       2%          2
 Sandblast                Erth           8%         2d5       3%          1
 Dazzling Flash           Conj/Hex       18%        N/A       4%          3
 Stone Arrow              Conj/Erth      18%        3d8       4%          3
 Airstrike                Air            7%         2d(2-18)  7%          4
 Apportation              Tloc           8%         N/A       11%         1
 Ensorcelled Hibernation  Hex/Ice        14%        N/A       12%         2
 Blink                    Tloc           8%         N/A       16%         2
 Lesser Beckoning         Tloc           8%         N/A       16%         2
 Spider Form              Tmut/Pois      4%         N/A       32%         3
 Yara's Violent Unravell  Hex/Tmut       2%         3d3       54%         5
 Anguish                  Hex/Necr       2%         N/A       69%         4
 Animate Armour           Summ/Erth      8%         N/A       69%         4
 Petrify                  Tmut/Erth      4%         N/A       69%         4
 Alistair's Intoxication  Tmut/Pois      2%         N/A       95%         5
 Simulacrum               Ice/Necr       3%         N/A       100%        6
 Enfeeble                 Hex            2%         N/A       100%        7
 Lehudib's Crystal Spear  Conj/Erth      4%         10d3      100%        8
 Shatter                  Erth           2%         3d6*      100%        9


Dungeon Overview and Level Annotations

Branches:
Dungeon (10/15)            Temple (1/1) D:7
   Lair: D:8-11         Orc: D:9-12

Altars:
Cheibriados
Dithmenos
Elyvilon
Fedhas
Gozag
Okawaru
Uskayaw
Vehumet
Wu Jian
Xom
Yredelemnul
Zin
The Shining One


Innate Abilities, Weirdness & Mutations

You are too large for most types of armour.
You have tough skin. (AC +1)
Your body sometimes deteriorates upon taking damage.


Message History

You now have 617 gold pieces (gained 14).
Really unwield
a - the +5 quarterstaff of the Tired Beds {speed, Contam Fly rPois Int+2}? [Y]es or [N]o only, please.
Really unwield
a - the +5 quarterstaff of the Tired Beds {speed, Contam Fly rPois Int+2}?
Okay, then.
Unknown command.
Unknown command.
HP restored.
You see here a staff of fire.
Found an escape hatch in the floor.
No target in view!
You now have 626 gold pieces (gained 9).
An acid dragon is nearby!
A steam dragon comes into view.
The acid dragon roars!
The steam dragon hisses angrily.
The acid dragon spits acid at you. The splash of acid hits you!!
The acid corrodes you!
You hear a shout!
The steam dragon breathes steam at you. The ball of steam hits you!
Your body deteriorates!
You feel weakened.
You hear a shout! x2
Found a scroll of identify.
The acid dragon closely misses you. The acid dragon claws you.
You fade into invisibility!
The steam dragon breathes steam at you. The ball of steam hits you!!
Your body deteriorates!
You feel clumsy.
The acid dragon bites you but does no damage.
The acid dragon closely misses you.
You hit the acid dragon but do no damage.
You closely miss the acid dragon. The acid dragon spits acid at you.
The splash of acid hits you!!
* * * LOW HITPOINT WARNING * * *
* * * LOW HITPOINT WARNING * * *
The acid dragon is engulfed in a cloud of scalding steam.
The acid dragon spits acid at you. The splash of acid hits you!
You die...

#############################
............................#
............................#
............................#
............................#
............................#
...............<.....§......#
.........<.......§§.........#
#########.......@§..........#
#.......§.DD........#
#########.........§..§§.....#
............................#
............................
###########................
#...........?...
#.............. .....>.


You could see a steam dragon (unable to see you, catching breath) and an acid
dragon (unable to see you, catching breath).

Vanquished Creatures
  A two-headed ogre (D:9)
  Joseph (D:8)
  Maggie (D:6)
  9 yaks
  An acid dragon (D:9)
  Edmund (D:6)
  3 water moccasins
  Duvessa (D:4)
  3 ice beasts
  2 orc warriors
  A centaur (D:8)
  2 kobold brigands
  2 bullfrogs (D:8)
  4 scorpions
  2 gnoll sergeants
  8 wights
  Dowan (D:4)
  10 killer bees
  2 howler monkeys
  4 hounds
  An orc priest (D:9)
  5 jellies
  A sleepcap (D:5)
  10 orc wizards
  An iguana (D:7)
  Terence (D:3)
  10 adders
  12 gnolls
  A shadow imp (D:7)
  2 white imps (D:8)
  3 ufetubi
  2 dart slugs
  34 orcs
  8 ball pythons
  6 bats
  12 endoplasms
  5 giant cockroaches
  12 goblins
  6 hobgoblins
  18 kobolds
  5 quokkas
  2 frilled lizards
  6 rats
222 creatures vanquished.

Vanquished Creatures (others)
  A kobold brigand (D:7)
  A ball python (D:6)
2 creatures vanquished.

Grand Total: 224 creatures vanquished

Notes
Turn   | Place    | Note
-------+----------+-------------------------------------------
     0 | D:1      | jtron the Ogre Monk began the quest for the Orb.
     0 | D:1      | Reached XP level 1. HP: 24/24 MP: 1/1
   174 | D:1      | Reached XP level 2. HP: 25/33 MP: 2/2
   406 | D:1      | You fall into a shaft and drop 1 floor!
   469 | D:2      | Reached XP level 3. HP: 15/40 MP: 3/3
  1183 | D:2      | Reached skill level 5 in Fighting
  1183 | D:2      | Reached XP level 4. HP: 43/50 MP: 4/4
  1220 | D:2      | Found a shimmering altar of Xom.
  1300 | D:2      | Reached skill level 1 in Axes
  1300 | D:2      | Reached skill level 1 in Ranged Weapons
  1811 | D:3      | Noticed Terence
  1821 | D:3      | Killed Terence
  1822 | D:3      | Reached XP level 5. HP: 57/57 MP: 5/5
  2550 | D:4      | Noticed Duvessa
  2551 | D:4      | Noticed Dowan
  2556 | D:4      | Gained mutation: Your body sometimes deteriorates upon
                  | taking damage. [potion of mutation]
  2569 | D:4      | Killed Duvessa
  2570 | D:4      | Reached skill level 6 in Fighting
  2570 | D:4      | Reached XP level 6. HP: 15/67 MP: 6/6
  2584 | D:4      | Killed Dowan
  3041 | D:4      | Reached XP level 7. HP: 57/76 MP: 7/7
  3553 | D:5      | Entered Level 5 of the Dungeon
  3710 | D:5      | Reached skill level 1 in Spellcasting
  4088 | D:5      | Reached XP level 8. HP: 38/84 MP: 10/12
  4090 | D:5      | Reached skill level 1 in Conjurations
  4090 | D:5      | Reached skill level 1 in Air Magic
  4714 | D:6      | Found a glowing golden altar of the Shining One.
  4714 | D:6      | Noticed Edmund
  4715 | D:6      | Found a white marble altar of Elyvilon.
  4715 | D:6      | Found an opulent altar of Gozag.
  4724 | D:6      | Killed Edmund
  4731 | D:6      | Found a snail-covered altar of Cheibriados.
  4739 | D:6      | Learned a level 1 spell: Shock
  4764 | D:6      | Reached skill level 7 in Fighting
  4787 | D:5      | HP: 4/87 [poisoned by a killer bee]
  5395 | D:6      | Noticed Maggie
  5405 | D:6      | Killed Maggie
  5406 | D:6      | Reached skill level 1 in Shields
  5406 | D:6      | Reached XP level 9. HP: 51/93 MP: 13/15
  5812 | D:6      | Reached skill level 5 in Axes
  6564 | D:6      | Reached skill level 1 in Armour
  7486 | D:7      | Found a staircase to the Ecumenical Temple.
  7520 | Temple   | Entered the Ecumenical Temple
  7527 | Temple   | Became a worshipper of Vehumet
  7527 | Temple   | Reached * piety under Vehumet
  7527 | Temple   | Offered knowledge of Freeze by Vehumet.
  7527 | Temple   | Reached ** piety under Vehumet
  7530 | Temple   | Learned a level 1 spell: Freeze
  7534 | Temple   | Learned a level 3 spell: Swiftness
  7544 | D:7      | Reached skill level 8 in Fighting
  7552 | D:7      | Offered knowledge of Foxfire by Vehumet.
  7568 | D:7      | Reached skill level 5 in Spellcasting
  7913 | D:8      | Reached skill level 1 in Ice Magic
  8159 | D:8      | Got the Notes on the Tektite
  8240 | D:8      | Identified the +5 quarterstaff of the Tired Beds {speed,
                  | Contam Fly rPois Int+2}
  8353 | D:8      | Reached XP level 10. HP: 104/104 MP: 13/18
  8362 | D:8      | Reached skill level 1 in Staves
  8374 | D:8      | Reached skill level 1 in Evocations
  8503 | D:8      | Noticed Joseph
  8526 | D:8      | Killed Joseph
  9332 | D:9      | Noticed a two-headed ogre
  9341 | D:9      | Killed a two-headed ogre
  9341 | D:9      | Offered knowledge of Hailstorm by Vehumet.
  9342 | D:9      | Reached skill level 5 in Staves
  9348 | D:9      | Learned a level 3 spell: Hailstorm
  9573 | D:9      | HP: 2/106 [orc warrior/+2 halberd of freezing (6)]
 10255 | D:9      | Got the Codex of the Glacier and Imprecation
 10280 | D:9      | Reached *** piety under Vehumet
 10757 | D:10     | Entered Level 10 of the Dungeon
 11087 | D:10     | Killed from afar by an acid dragon

Illustrated notes

Levels and vault maps discovered:
D:1:      lightli_arrival_noodles, layout_basic, wad_floor_pattern_untrapped
D:2:      layout_loops_ring, basic_altar, serial_glass, glass_columns_c,
          glass_columns_a, glass_columns_a, glass_columns_b
D:3:      layout_basic, uniq_terence
D:4:      layout_loops_cross, uniq_duvessa
D:5:      layout_cave_pools, kennysheep_generic_room_8
D:6:      layout_cave_pools, chequers_temple_overflow_statue_of_worship,
          serial_co_window_serial, co_window_paths_b, co_window_paths_a,
          co_window_of_opportunity_a, co_window_corner_a, co_window_paths_b,
          co_window_broadway_a, co_window_broadway_a, co_window_broadway_c,
          co_window_2corner, co_window_2corner, co_window_4corner_b,
          glass_columns_a, glass_columns_a, glass_columns_b,
          portal_sewer_entry_e, kennysheep_generic_room_13, uniq_maggie,
          uniq_edmund
D:7:      layout_loops_ring, temple_statues
D:8:      layout_rooms, uniq_joseph
D:9:      layout_layer_cave, enter_bailey_3
D:10:     layout_long_grid
Temple:   eino_narrow_crystal_temple

Skill      XL: |  1  2  3  4  5  6  7  8  9 10 |
---------------+-------------------------------+-----
Dodging        | 3 4 |  4.0
Fighting       | 5 6 7 8 |  8.9
Axes           | 1 2 3 4 5 |  5.9
Ranged Weapons | 1 2 3 |  3.6
Stealth        | 2 3 |  3.0
Spellcasting   | 2 4 5 7 |  7.0
Conjurations   | 2 3 |  3.5
Air Magic      | 2 3 |  3.7
Shields        | 1 |  1.3
Armour         | 1 |  1.0
Ice Magic      | 1 |  1.4
Staves         | 6 |  6.8
Evocations     | 1 |  1.0
Polearms       | |  3.2
Throwing       | |  0.8

Action                     |  1- 3 |  4- 6 |  7- 9 | 10-12 || total
---------------------------+-------+-------+-------+-------++-------
  Melee: Spear             |    66 |       |       |       ||    66
         Hand axe          |    33 |   107 |   279 |       ||   419
         Punch             |       |     1 |     1 |       ||     2
         Quarterstaff      |       |       |     2 |   140 ||   142
   Fire: Sling             |    49 |    65 |    94 |       ||   208
  Throw: Stone             |       |     3 |     3 |       ||     6
         Javelin           |       |       |     7 |     4 ||    11
         Dart              |       |       |     2 |     2 ||     4
   Cast: Shock             |       |       |    32 |    14 ||    46
         Hailstorm         |       |       |       |     2 ||     2
         Freeze            |       |       |       |     1 ||     1
         Swiftness         |       |       |       |     1 ||     1
  Evoke: Wand              |       |     3 |    12 |     7 ||    22
    Use: Scroll            |       |    10 |    11 |     1 ||    22
         Potion            |       |     6 |     9 |     4 ||    19
   Stab: Sleeping          |     3 |       |     1 |     1 ||     5
         Distracted        |       |     1 |       |       ||     1
         Invisible         |       |     4 |     7 |       ||    11
 Armour: Robe              |    51 |    21 |    33 |       ||   105
         Skin              |       |    22 |       |       ||    22
         Swamp dragon scal |       |       |    49 |    36 ||    85
  Dodge: Dodged            |    73 |    50 |   146 |    52 ||   321
  Block: Other             |       |       |    66 |    25 ||    91
         Reflection        |       |       |     3 |       ||     3

Table legend: (Time is in decaauts)
 A = Elapsed time spent in this place.
 B = Non-inter-level travel time spent in this place.
 C = Inter-level travel time spent in this place.
 D = Time resting spent in this place.
 E = Time spent auto-exploring this place.
 F = Levels seen in this place.
 G = Mean time per level.
                   A        B        C        D        E       F      G
               +--------+--------+--------+--------+--------+-----+--------+
         Total |  11087 |  10602 |    485 |   2457 |   6113 |  11 | 1007.9 |
       Dungeon |  11068 |  10588 |    480 |   2457 |   6113 |  10 | 1106.8 |
        Temple |     19 |     14 |      5 |      0 |      0 |   1 |   19.0 |
               +--------+--------+--------+--------+--------+-----+--------+

Top non-repeatable levels by time:
     D:9: 1945 daAuts
     D:6: 1887 daAuts
     D:5: 1320 daAuts
     D:7: 1087 daAuts
     D:8: 1028 daAuts
     D:1: 976 daAuts
     D:4: 943 daAuts
     D:3: 893 daAuts
     D:2: 788 daAuts
    D:10: 197 daAuts
  Temple: 19 daAuts
